 Dungeon Crawl Stone Soup version 0.21.0-3-g78d12a8 (webtiles) character file.

324 dobroeutro the Cudgeler (level 6, -1/37 HPs)
             Began as a Gargoyle Fighter on Jan 18, 2018.
             Killed from afar by Dowan (19 damage)
             ... with a shard of ice
             ... on level 3 of the Dungeon.
             The game lasted 00:02:49 (3455 turns).

dobroeutro the Cudgeler (Gargoyle Fighter)          Turns: 3455, Time: 00:02:50

Health: -1/37      AC: 12    Str: 22    XL:     6   Next: 48%
Magic:  6/6        EV:  7    Int:  8    God:
Gold:   96         SH:  9    Dex:  9    Spells: 5/5 levels left

rFire    . . .     SeeInvis .   a - +0 flail
rCold    . . .     Gourm    .   c - +0 shield
rNeg     + . .     Faith    .   b - +0 scale mail
rPois    ∞         Spirit   .   (no helmet)
rElec    +         Reflect  .   (no cloak)
rCorr    .         Harm     .   (no gloves)
MR       .....                  j - +0 pair of boots
Stlth    ..........             (no amulet)
HPRegen  0.12/turn              (no ring)
MPRegen  0.10/turn              (no ring)

@: no status effects
A: negative energy resistance 1, electricity resistance, unbreathing,
petrification resistance, rot immunity, AC +4
a: no special abilities


You were on level 3 of the Dungeon.
You were near starving.

You visited 1 branch of the dungeon, and saw 4 of its levels.

You collected 96 gold pieces.

Inventory:

Hand Weapons
 a - a +0 flail (weapon)
Armour
 b - a +0 scale mail (worn)
 c - a +0 shield (worn)
 j - a +0 pair of boots (worn)
Jewellery
 t - an uncursed ring of ice {unknown}
Wands
 s - a wand of acid (7)
Scrolls
 e - a scroll of remove curse {unknown}
 h - 2 scrolls of magic mapping {unknown}
 i - 5 scrolls of identify {unknown}
 k - 2 scrolls of teleportation {unknown}
 l - a scroll of blinking {unknown}
 m - a scroll of amnesia {unknown}
 n - a scroll of enchant armour {unknown}
Potions
 d - a potion of might
 g - 3 potions of curing {unknown}
 o - a potion of lignification {unknown}
 p - a potion of magic {unknown}
 q - a potion of brilliance {unknown}
 r - a potion of heal wounds {unknown}
Comestibles
 f - 5 rations


   Skills:
 - Level 3.2 Fighting
 + Level 6.7 Maces & Flails
 - Level 3.2 Armour
 - Level 3.2 Shields


You had 5 spell levels left.
You didn't know any spells.

Dungeon Overview and Level Annotations

Branches:
Dungeon (4/15)
 Temple: D:4-7

Altars:
Fedhas

Shops:
D:4 [

Annotations:
D:2 exclusion: oklob plant
D:3 Dowan


Innate Abilities, Weirdness & Mutations

You are resistant to torment.
Your stone body is resilient. (AC +4)
You are immune to poison.
You resist negative energy. (rN+)
You are resistant to electric shocks. (rElec)
You can survive without breathing.
You are immune to petrification.
You are immune to rotting.


Message History

You hit Dowan.
Dowan is heavily wounded.
Dowan points at you and mumbles some strange words.
You block the stone arrow. Dowan barely misses you.
You closely miss Dowan.
Dowan is heavily wounded.
You block Dowan's attack.
You barely miss Dowan.
Dowan is heavily wounded.
Dowan hits you but does no damage. x2
You closely miss Dowan.
Dowan is heavily wounded.
Dowan casts a spell at you. You block the shard of ice.
Dowan barely misses you.
You sock Dowan!
Dowan is almost dead.
Dowan casts a spell at you. The shard of ice hits you!
Ouch! That really hurt!
You die...

###'#########.#.......###
#.# #.# #.###.>.....# #.#
#.# #.# ##.e..#.# #.#
###.# #.#
#####...#####.###
....#########.#
#................
###...........#
###.##...........
..#.###########
#..#.####......
#.#.........# #####..#.#
#.####. ..#....<###.#
#.@e...#.## #.#....
#.#.##### #.# #.####....#
#.#.#.. ..#.# #.# #.#
#.#..# #.#.#.. ..#.# #.#
#.# #.#..# #.#.#.^ ..#.#
#.# #.# #.#..# #.#.#..
#.#.# #.# #.# #.#..#
#.#.#.. ..#)### #.#
#.####.#..# #.#.#..
......# #.# #......#..#
#.#.... ....#.#
#.##########..# #.#....


You could see Dowan.

Vanquished Creatures
  Duvessa (D:3)
  2 howler monkeys (D:4)
  6 adders
  An ooze (D:2)
  A worm (D:2)
  A dart slug (D:1)
  4 leopard geckos
  15 bats
  A giant cockroach (D:1)
  13 goblins
  8 hobgoblins
  A ball python (D:2)
  7 frilled lizards
  6 kobolds
  10 rats
77 creatures vanquished.

Vanquished Creatures (others)
  14 toadstools (D:2)
14 creatures vanquished.

Grand Total: 91 creatures vanquished

Notes
Turn   | Place    | Note
-------+----------+-------------------------------------------
     0 | D:1      | dobroeutro the Gargoyle Fighter began the quest for the Orb.
     0 | D:1      | Reached XP level 1. HP: 14/14 MP: 1/1
   176 | D:1      | Reached XP level 2. HP: 19/19 MP: 2/2
   280 | D:1      | Reached skill level 3 in Maces & Flails
   767 | D:1      | Reached XP level 3. HP: 21/23 MP: 3/3
  1428 | D:2      | Reached skill level 4 in Maces & Flails
  1441 | D:2      | Reached XP level 4. HP: 13/28 MP: 4/4
  1987 | D:2      | Found a blossoming altar of Fedhas.
  2006 | D:2      | Noticed an oklob plant
  2739 | D:3      | Reached skill level 5 in Maces & Flails
  2739 | D:3      | Reached XP level 5. HP: 29/32 MP: 5/5
  3357 | D:4      | Found Mugg's Armour Emporium.
  3392 | D:4      | Noticed Dowan
  3393 | D:4      | Noticed Duvessa
  3421 | D:4      | Reached skill level 6 in Maces & Flails
  3449 | D:3      | Killed Duvessa
  3449 | D:3      | Reached XP level 6. HP: 17/37 MP: 6/6
  3455 | D:3      | Killed from afar by Dowan

Skill      XL: |  1  2  3  4  5 |
---------------+----------------+-----
Maces & Flails | 3 4 5 6 |  6.7
Fighting       | |  3.2
Armour         | |  3.2
Shields        | |  3.2

Action                   |  1- 3 |  4- 6 || total
-------------------------+-------+-------++-------
Melee: Flail             |   149 |   232 ||   381
  Eat: Chunk             |     1 |     6 ||     7
Armor: Scale mail        |   107 |   154 ||   261
Dodge: Dodged            |    73 |    78 ||   151
Block: Shield            |   103 |   138 ||   241
